[Event "*** Titled Tuesday Blitz"]
[Site "Chess.com"]
[Date "2021.04.06"]
[Round "2"]
[White "Joshukid"]
[Black "gumimis"]
[Result "0-1"]
[WhiteElo "2571"]
[BlackElo "2331"]
[TimeControl "180+1"]
[EndTime "10:17:05 PDT"]
[Termination "gumimis won by resignation"]

1. Nf3 b6 2. g3 Bb7 3. Bg2 Nf6 4. O-O g6 5. b3 Bg7 6. Bb2 O-O 7. c4 d6 8. d4 Nbd7 9. Nc3 e6 10. Qc2 c5 11.
Rad1 Qe7 12. e4 Ne8 13. Rfe1 Nc7 14. h4 a6 15. h5 b5 16. hxg6 fxg6 17. dxc5 Nxc5 18. Nd2 Qf6 19. f3 Qd4+ 20. Kh2 Qd3 21.
Qc1 Bh6 22. Bf1 Qd4 23. Kg2 Nd3 24. Bxd3 Qxd3 25. f4 Bxf4 26. gxf4 Rxf4 27. Nf3 Qxf3+ 0-1

[Event "*** Titled Tuesday Blitz"]
[Site "Chess.com"]
[Date "2021.04.06"]
[Round "2"]
[White "Deepweb2020"]
[Black "DanielTitichoca"]
[Result "0-1"]
[WhiteElo "2535"]
[BlackElo "2311"]
[TimeControl "180+1"]
[EndTime "10:17:05 PDT"]
[Termination "DanielTitichoca won by resignation"]

1. Nf3 c5 2. c4 Nc6 3. d4 cxd4 4. Nxd4 g6 5. g3 Bg7 6. Nb5 a6 7. N5c3 b5 8. cxb5 axb5 9. Nxb5 Ba6 10. N5c3 Rb8 11.
Bg2 Nf6 12. Bxc6 dxc6 13. Qxd8+ Rxd8 14. Bf4 O-O 15. Nd2 Nd5 16. Nxd5 cxd5 17. Nb3 Bxb2 18.
Rd1 Bc3+ 19. Kf1 e5 20. Bd2 Bxd2 21. Rxd2 d4 22. Kg2 Rc8 23. Re1 Bb7+ 24. f3 Rc3 25. e3 dxe3 26. Rde2 Ra8 27. Nc1 Raa3 28. Nb3 f5 29. Rd1 Ba6 30. Ree1 Rxa2+ 31. Kh3 Rxb3 32. Rxe3 Rxe3 0-1

[Event "*** Titled Tuesday Blitz"]
[Site "Chess.com"]
[Date "2021.04.06"]
[Round "2"]
[White "ZarinaShafigullina"]
[Black "beto-betun"]
[Result "1-0"]
[WhiteElo "2442"]
[BlackElo "2210"]
[TimeControl "180+1"]
[EndTime "10:17:05 PDT"]
[Termination "ZarinaShafigullina won by resignation"]

1. d4 Nf6 2. Nf3 g6 3. g3 Bg7 4. Bg2 O-O 5. O-O c6 6. c4 d5 7. Qb3 Qb6 8. Nc3 Nbd7 9. c5 Qxb3 10. axb3 b5 11. cxb6 Nxb6 12. Ne5 Bb7 13. Nd3 Nfd7 14. e3 e5 15. dxe5 Nxe5 16. Nc5 Bc8 17. e4 d4 18. N3a4 Be6 19. Nxe6 fxe6 20. Nc5 Rfe8 21. f4 Ned7 22. Nxd7 Nxd7 23. e5 Rec8 24. Rd1 Bf8 25. Be3 dxe3 26. Rxd7 Bc5 27. Kf1 Rab8 28. Rd3 Rb4 29.
Ra6 Bb6 30. Bh3 Kf7 31. Rd7+ Ke8 32. Bxe6 Rd4 33. Rxd4 Bxd4 34. Bxc8 1-0

[Event "*** Titled Tuesday Blitz"]
[Site "Chess.com"]
[Date "2021.04.06"]
[Round "2"]
[White "CrushingKings"]
[Black "TimKett"]
[Result "1-0"]
[WhiteElo "2467"]
[BlackElo "2244"]
[TimeControl "180+1"]
[EndTime "10:17:06 PDT"]
[Termination "CrushingKings won by resignation"]

1. e4 e5 2. Nf3 Nc6 3. Bc4 Nf6 4. d3 h6 5. O-O d6 6. c3 g5 7. d4 g4 8. Ne1 Bg7 9. d5 Ne7 10. Bd3 Ng6 11. g3 Qe7 12. Ng2 Bd7 13. c4 h5 14.
Bg5 Bh6 15. Qd2 Bxg5 16. Qxg5 O-O-O 17. b4 Rdg8 18. Qe3 Kb8 19. c5 h4 20. Rc1 hxg3 21.
fxg3 Bc8 22. c6 b6 23. a4 Nh7 24. a5 Ng5 25. axb6 Nf3+ 26. Kf2 axb6 27. Be2 Rxh2 28. Qa3 Rxg2+ 29. Kxg2 Ngh4+ 30. Kh1 1-0

[Event "*** Titled Tuesday Blitz"]
[Site "Chess.com"]
[Date "2021.04.06"]
[Round "2"]
[White "suyu28"]
[Black "elvidirris"]
[Result "1-0"]
[WhiteElo "2596"]
[BlackElo "2069"]
[TimeControl "180+1"]
[EndTime "10:17:07 PDT"]
[Termination "suyu28 won by resignation"]

1. d4 Nf6 2. Bf4 g6 3. Nc3 d5 4.
Qd2 Ne4 5. Nxe4 dxe4 6. O-O-O Nc6 7. d5 Nb8 8. Qd4 f6 9. Qxe4 Bg7 10. Qc4 Na6 11. Nf3 Bd7 12. Nd4 b5 13. Nxb5 Rb8 14. Nd4 Rb6 15. e4 Qb8 16. b3 Nb4 17. a3 Na6 18.
Be2 g5 19. Bg3 h5 20. h4 g4 21. f3 Bh6+ 22. Kb2 Be3 23. Nc6 Bxc6 24. dxc6 Bc5 25. fxg4 Bxa3+ 26. Kxa3 Rb4 27. Qxa6 1-0

[Event "*** Titled Tuesday Blitz"]
[Site "Chess.com"]
[Date "2021.04.06"]
[Round "2"]
[White "mitrabhaa"]
[Black "kuba2006"]
[Result "1-0"]
[WhiteElo "2733"]
[BlackElo "2339"]
[TimeControl "180+1"]
[EndTime "10:17:08 PDT"]
[Termination "mitrabhaa won by checkmate"]

1. Nf3 Nf6 2. g3 d6 3. Bg2 g6 4. O-O Bg7 5. d4 Nbd7 6. c4 e5 7. Nc3 O-O 8. h3 c6 9. e4 a6 10. a4 a5 11. Be3 exd4 12. Nxd4 Re8 13. Qc2 Nc5 14. Rad1 Nfd7 15. b3 Na6 16. Nde2 Qe7 17. Qd2 Ndc5 18. Rb1 Nb4 19. Kh2 Be6 20. Nd4 Rad8 21. f4 Bc8 22. Bg1 h5 23. h4 Bf6 24.
Bf2 Nbd3 25. Nf3 Nxf2 26. Rxf2 Bxc3 27. Qxc3 Nxe4 28. Qe1 Nxf2 29. Qxf2 Qe3 30. Qb2 Bg4 31. Ng5 Rd7 32. Qf6 Qe7 33. Qc3 Qd8 34. Ne4 Re6 35.
Rb2 Qe7 36. Ng5 Re2 37. Rxe2 Qxe2 38. Ne4 Re7 39. Nf6+ Kf8 40. Nxg4 Ke8 41. Nf6+ Kd8 42. Qxa5+ Kc8 43. Qa8+ Kc7 44. Qa5+ Kc8 45. f5 Qf2 46. Qa8+ Kc7 47. Ne8+ Kd7 48. Qxb7+ Kxe8 49. Qc8# 1-0

[Event "*** Titled Tuesday Blitz"]
[Site "Chess.com"]
[Date "2021.04.06"]
[Round "2"]
[White "Ave_Mariia"]
[Black "BeyondMadness"]
[Result "1-0"]
[WhiteElo "2477"]
[BlackElo "2256"]
[TimeControl "180+1"]
[EndTime "10:17:08 PDT"]
[Termination "Ave_Mariia won by resignation"]

1. d4 Nf6 2. c4 c5 3. d5 e6 4. Nc3 exd5 5. cxd5 d6 6. g3 g6 7. Bg2 Bg7 8. Nf3 O-O 9. O-O Re8 10. Bf4 Ne4 11.
Nxe4 Rxe4 12. Nd2 Rxf4 13. gxf4 Bxb2 14. Rb1 Bg7 15. Nc4 b6 16. e4 Ba6 17. Rc1 Bxc4 18. Rxc4 Nd7 19. Re1 Qh4 20. Qf3 Bh6 21. e5 Nxe5 22.
fxe5 Qxc4 23. exd6 Qf4 24. Qxf4 Bxf4 25. d7 Kf8 26. d6 Rd8 27. Bc6 Bg5 28. Re8+ Kg7 29. f4 Bh4 30. Kf1 f5 31. Ke2 Kf7 32. Kd3 Bf6 33.
Kc4 a6 34. Bd5+ Kg7 35. Be6 h6 36. Kd5 h5 37. Kc6 1-0

[Event "*** Titled Tuesday Blitz"]
[Site "Chess.com"]
[Date "2021.04.06"]
[Round "2"]
[White "Caterpiller35"]
[Black "semchik73"]
[Result "1-0"]
[WhiteElo "2450"]
[BlackElo "2231"]
[TimeControl "180+1"]
[EndTime "10:17:10 PDT"]
[Termination "Caterpiller35 won by checkmate"]

1. d4 d5 2. Bf4 Nf6 3. e3 c6 4. c4 e6 5. Nc3 Bd6 6. Bg3 O-O 7. Qc2 Qc7 8. Nf3 Nbd7 9. c5 Bxg3 10. hxg3 e5 11. dxe5 Nxe5 12. Nxe5 Qxe5 13. Bd3 h6 14.
O-O-O Bg4 15. Rde1 d4 16. exd4 Qxd4 17. Ne4 Nd5 18.
a3 Rad8 19. Rh4 Be6 20. Nd6 Qf6 21. f4 b6 22. Ne4 Qd4 23. Ng5 Ne3 24. Bh7+ Kh8 25.
Qe2 Qxc5+ 26. Kb1 hxg5 27. Bf5+ gxh4 28. Qh5+ Kg8 29. Qh7# 1-0

[Event "*** Titled Tuesday Blitz"]
[Site "Chess.com"]
[Date "2021.04.06"]
[Round "2"]
[White "DrMamaliga"]
[Black "AungTZ"]
[Result "1-0"]
[WhiteElo "2390"]
[BlackElo "2067"]
[TimeControl "180+1"]
[EndTime "10:17:10 PDT"]
[Termination "DrMamaliga won by resignation"]

1. c4 e5 2. Nf3 Nc6 3. Nc3 Nf6 4. e3 d5 5. cxd5 Nxd5 6. Bb5 Nxc3 7. bxc3 Bd6 8. d4 exd4 9. cxd4 Bd7 10. O-O O-O 11.
Bb2 Bg4 12. h3 Bh5 13. Be2 Re8 14. Qd2 Nb4 15. Kh1 Nd5 16. Ne1 Bg6 17. Nd3 c6 18.
Bf3 Bc7 19. Rae1 Be4 20. Bxe4 Rxe4 21. f3 Qd6 22. Ne5 Rh4 23. e4 Nf4 24. Qf2 Qh6 25.
Ng4 Qe6 26. Qxh4 1-0

[Event "*** Titled Tuesday Blitz"]
[Site "Chess.com"]
[Date "2021.04.06"]
[Round "2"]
[White "Hikaru"]
[Black "SilviusTiberius"]
[Result "1-0"]
[WhiteElo "3224"]
[BlackElo "2594"]
[TimeControl "180+1"]
[EndTime "10:17:11 PDT"]
[Termination "Hikaru won by resignation"]

1. Nf3 d5 2. b3 Nf6 3. Bb2 e6 4. e3 b6 5. d4 Bb7 6. Bd3 Be7 7. O-O O-O 8. Nbd2 c5 9. dxc5 Bxc5 10. c4 Nbd7 11.
cxd5 Nxd5 12. a3 Rc8 13. b4 Be7 14. Qb3 Bf6 15. Ne4 Bxb2 16. Qxb2 Qe7 17. Rfd1 N7f6 18. Ng3 Rfd8 19. Bf1 Nc3 20. Rdc1 Nfe4 21. Nd4 Nxg3 22. hxg3 Ne4 23. a4 Qf6 24. a5 Ng5 25. a6 Ba8 26. Rxc8 Rxc8 27. Rc1 Rd8 28. Qe2 g6 29. f3 e5 30. Nb5 Bxf3 31. Qf2 Rd7 32. e4 Kg7 33.
gxf3 Nxf3+ 34. Kg2 Rd2 35. Be2 Qg5 36. Qxf3 Rxe2+ 37. Qxe2 Qd2 1-0

[Event "*** Titled Tuesday Blitz"]
[Site "Chess.com"]
[Date "2021.04.06"]
[Round "2"]
[White "GrigoriyM2001"]
[Black "TigrVShlyape"]
[Result "0-1"]
[WhiteElo "2526"]
[BlackElo "2804"]
[TimeControl "180+1"]
[EndTime "10:17:11 PDT"]
[Termination "TigrVShlyape won by resignation"]

1. d4 Nf6 2. c4 e6 3. g3 g6 4. Bg2 Bg7 5. Nc3 d6 6. Nf3 O-O 7. O-O Nbd7 8. e4 e5 9. h3 a6 10. Re1 c6 11. d5 c5 12. a4 b6 13.
Be3 Ne8 14. Qd2 Nc7 15. Rf1 Rb8 16. b3 f5 17. exf5 gxf5 18. Bh6 Qf6 19. Bxg7 Qxg7 20. Nh4 Nf6 21. Qc2 f4 22. g4 h5 23. gxh5 Bxh3 24.
Qg6 Bg4 25. Ne4 Nce8 26. Nf5 Bxf5 27. Qxf5 Nxe4 28. Qe6+ Kh8 29. h6 Qg5 0-1

[Event "*** Titled Tuesday Blitz"]
[Site "Chess.com"]
[Date "2021.04.06"]
[Round "2"]
[White "I_Enchev"]
[Black "Dyadya81"]
[Result "0-1"]
[WhiteElo "2488"]
[BlackElo "2712"]
[TimeControl "180+1"]
[EndTime "10:17:11 PDT"]
[Termination "Dyadya81 won by resignation"]

1. d4 Nf6 2. c4 g6 3. f3 Bg7 4.
e4 d6 5. Nc3 O-O 6. Nge2 c5 7.
d5 e6 8. Ng3 exd5 9. cxd5 h5 10. Bg5 Qb6 11. Qd2 Nh7 12. Be3 h4 13. Nge2 f5 14. Nf4 g5 15. Ne6 f4 16. Bf2 Be5 17. Nxf8 Nxf8 18. Rg1 Kf7 19. g3 hxg3 20. hxg3 Ng6 21. g4 Nd7 22. Rb1 a6 23. b4 Qc7 24.
b5 axb5 25. Bxb5 Ra3 26. Rc1 Qa5 27. Bxd7 Rxc3 28. Bxc8 Rxc1+ 29. Ke2 Qb5+ 30. Qd3 Rc2+ 0-1

[Event "*** Titled Tuesday Blitz"]
[Site "Chess.com"]
[Date "2021.04.06"]
[Round "2"]
[White "Kostukov_Alex"]
[Black "Artyom_ChessMate"]
[Result "0-1"]
[WhiteElo "2294"]
[BlackElo "2542"]
[TimeControl "180+1"]
[EndTime "10:17:11 PDT"]
[Termination "Artyom_ChessMate won by resignation"]

1. g3 d5 2. Bg2 Nf6 3. d3 e6 4. e4 Be7 5. Qe2 O-O 6. Nf3 a5 7. O-O a4 8. c4 b6 9. e5 Ne8 10. Nc3 Bb7 11. Bf4 a3 12. b3 Bb4 13. Rac1 Nd7 14.
h4 f6 15. cxd5 fxe5 16. Nxe5 Bxc3 17. Nxd7 Qxd7 18. dxe6 Qe7 19. Bxb7 Rb8 20. Bg2 Bb4 21. d4 Rxf4 22. gxf4 Bd6 23. Qg4 Nf6 24. Qg5 h6 25.
Qf5 Rf8 26. d5 Ne8 27. Qg6 Rxf4 28. Be4 Qxh4 29. Qxe8+ Bf8 30. Bg2 Rg4 31. Qf7+ Kh7 32. Rc3 Bd6 33. Rh3 Qxh3 34. Qf5+ Kh8 0-1

[Event "*** Titled Tuesday Blitz"]
[Site "Chess.com"]
[Date "2021.04.06"]
[Round "2"]
[White "steka121"]
[Black "VitaRasik"]
[Result "1/2-1/2"]
[WhiteElo "2321"]
[BlackElo "2608"]
[TimeControl "180+1"]
[EndTime "10:17:19 PDT"]
[Termination "Game drawn by repetition"]

1. e4 d6 2. d4 g6 3. h4 Nf6 4.
Nc3 Bg7 5. Be2 h5 6. Nf3 O-O 7.
Ng5 Nc6 8. d5 Ne5 9. b3 c6 10.
Bb2 Qa5 11. O-O cxd5 12. exd5 Bf5 13. Nb5 Bd7 14. c4 Bxb5 15. cxb5 Nfg4 16. Bd4 Rac8 17.
f4 Nd7 18. Bxg7 Kxg7 19. Bxg4 hxg4 20. Qxg4 Nf6 21. Qe2 Nxd5 22. Rad1 Qb6+ 23. Kh1 Ne3 24. Rfe1 Nxd1 25. Rxd1 e5 26. fxe5 dxe5 27. Qxe5+ Kg8 28.
Ne4 f5 29. Qd5+ Kh8 30. Qe5+ Kg8 31. Qd5+ Kh8 32. Qe5+ Kg8 1/2-1/2

[Event "*** Titled Tuesday Blitz"]
[Site "Chess.com"]
[Date "2021.04.06"]
[Round "2"]
[White "Gerodot71"]
[Black "DenLaz"]
[Result "1-0"]
[WhiteElo "2561"]
[BlackElo "2830"]
[TimeControl "180+1"]
[EndTime "10:17:22 PDT"]
[Termination "Gerodot71 won by resignation"]

1. d4 Nf6 2. c4 e6 3. Nc3 Bb4 4. f3 d5 5. a3 Bxc3+ 6. bxc3 c5 7. cxd5 Nxd5 8. dxc5 O-O 9. e4 Nf6 10. Qxd8 Rxd8 11. Be3 Nc6 12. Ne2 Na5 13. Nc1 e5 14. Nd3 Nc4 15. Bf2 Be6 16. c6 bxc6 17. Nc5 Na5 18. Nxe6 fxe6 19. Rb1 Nd7 20. Ba6 Rab8 21. Ke2 Nb6 22. Bc5 Kf7 23. Rhd1 Rxd1 24. Rxd1 Nb7 25.
Bxb6 axb6 26. Rd7+ Kf6 27. Rxb7 Ra8 28. Rxb6 1-0

[Event "*** Titled Tuesday Blitz"]
[Site "Chess.com"]
[Date "2021.04.06"]
[Round "2"]
[White "szachuspl"]
[Black "Oleksandr_Bortnyk"]
[Result "0-1"]
[WhiteElo "2569"]
[BlackElo "2938"]
[TimeControl "180+1"]
[EndTime "10:17:23 PDT"]
[Termination "Oleksandr_Bortnyk won on time"]

1. d4 d6 2. Nf3 Nf6 3. c4 g6 4.
Nc3 Bf5 5. g3 Bg7 6. Bg2 O-O 7.
O-O Ne4 8. Qb3 Nxc3 9. bxc3 Be4 10. a4 b6 11. a5 Nc6 12. axb6 axb6 13. Rxa8 Qxa8 14.
Bb2 Na5 15. Qb4 Qc6 16. c5 bxc5 17. dxc5 dxc5 18. Qxa5 Ra8 19. Ne5 Bxe5 20. Bxe4 Qxe4 21. Qxc5 Bd6 22. Qb5 h5 23. Qd3 Qb7 24. Bc1 Ra1 25. f3 h4 26. Bf4 Ra4 27. Bxd6 cxd6 28. Kg2 Qd7 29. c4 h3+ 30. Kf2 Qe6 31. Rc1 Ra2 32.
Rc2 Ra1 33. g4 Qe5 0-1

[Event "*** Titled Tuesday Blitz"]
[Site "Chess.com"]
[Date "2021.04.06"]
[Round "2"]
[White "Guzman70"]
[Black "stanyga"]
[Result "0-1"]
[WhiteElo "2332"]
[BlackElo "2626"]
[TimeControl "180+1"]
[EndTime "10:17:23 PDT"]
[Termination "stanyga won by checkmate"]

1. d4 d5 2. Bf4 Nf6 3. e3 g6 4. Nf3 Bg7 5. c4 O-O 6. Nc3 c5 7. dxc5 Be6 8. Nd4 Nc6 9. Nxe6 fxe6 10.
a3 e5 11. cxd5 exf4 12. dxc6 Qc7 13. Nd5 Nxd5 14. Qxd5+ e6 15. Qxe6+ Kh8 16. cxb7 Rae8 17. Qd6 Qxb7 18. Bc4 Qxg2 19. O-O-O fxe3 20. Qg3 Qe4 21. Bd3 Qd4 22. fxe3 Qxb2# 0-1

[Event "*** Titled Tuesday Blitz"]
[Site "Chess.com"]
[Date "2021.04.06"]
[Round "2"]
[White "Orzechowski_Jacek"]
[Black "Willhaven3"]
[Result "0-1"]
[WhiteElo "2209"]
[BlackElo "2522"]
[TimeControl "180+1"]
[EndTime "10:17:23 PDT"]
[Termination "Willhaven3 won on time"]

1. c4 Nf6 2. Nc3 e6 3. e4 d5 4. exd5 exd5 5. d4 Be7 6. Nf3 O-O 7. Bd3 dxc4 8. Bxc4 Nbd7 9. h3 Nb6 10. Bb3 c6 11. O-O Bf5 12. Ne5 Nbd5 13. Re1 a5 14. Qf3 Be6 15. Bg5 Nc7 16. Bc2 Qxd4 17. Rad1 Qb4 18.
Nd3 Qb6 19. Ne4 Ncd5 20. Nxf6+ Bxf6 21. Bxf6 Nxf6 22. Nf4 Qxb2 23. Re2 Qb4 24. Nxe6 fxe6 25. Rxe6 Rad8 26. Rde1 Rd7 27. Bb3 Kh8 0-1

[Event "*** Titled Tuesday Blitz"]
[Site "Chess.com"]
[Date "2021.04.06"]
[Round "2"]
[White "Diaschess88"]
[Black "Trickster_Pony"]
[Result "1-0"]
[WhiteElo "2355"]
[BlackElo "1528"]
[TimeControl "180+1"]
[EndTime "10:17:23 PDT"]
[Termination "Diaschess88 won on time"]

1. d4 d5 2. Nf3 Nf6 3. c4 e6 4. Nc3 Be7 5. Bg5 O-O 6. e3 Nbd7 7. Rc1 c6 8. a3 b6 9. Bd3 Bb7 10.
O-O c5 11. cxd5 exd5 12. Qe2 Ne4 13. Bxe7 Qxe7 14. dxc5 Ndxc5 15. Rfd1 Rfd8 16. Nd4 Nxd3 17. Qxd3 Qf6 18. Qe2 a5 19. Qf3 Qg6 20. Nxe4 dxe4 21. Qf4 Rd5 22. Rc7 Ba6 23. Rdc1 Rg5 24. g3 Rd8 25. h4 Rg4 26. Qf5 Rxg3+ 27. fxg3 Qxg3+ 28.
Kh1 Qxh4+ 29. Kg2 Be2 30. Qxf7+ 1-0

[Event "*** Titled Tuesday Blitz"]
[Site "Chess.com"]
[Date "2021.04.06"]
[Round "2"]
[White "albi1999"]
[Black "queen_iryna"]
[Result "1-0"]
[WhiteElo "2603"]
[BlackElo "2324"]
[TimeControl "180+1"]
[EndTime "10:17:25 PDT"]
[Termination "albi1999 won by resignation"]

1. Nf3 d6 2. g3 e5 3. Bg2 f5 4. O-O Nf6 5. d4 e4 6. Ng5 g6 7.
c4 Bg7 8. f3 exf3 9. exf3 O-O 10. Nc3 c6 11. Re1 Na6 12. Bf4 Nc7 13. Qd2 Nh5 14. Be3 f4 15. gxf4 Bf5 16. Nce4 Qd7 17. Ng3 h6 18. Nxf5 Qxf5 19. Bh3 Qf6 20. Ne4 Qh4 21. Bg4 d5 22. Bf2 Qd8 23. Bxh5 gxh5 24. Ng3 dxc4 25. Nxh5 Nd5 26. Kh1 Nf6 27. Nxg7 Kxg7 28.
Rg1+ Kh8 29. f5 Nh7 30. Qxh6 Qf6 31. Rg6 Qf7 32. d5 c5 33. Bxc5 Rg8 34. Bd4+ 1-0

[Event "*** Titled Tuesday Blitz"]
[Site "Chess.com"]
[Date "2021.04.06"]
[Round "2"]
[White "Two_Towers_Krakow"]
[Black "paulrusan"]
[Result "1-0"]
[WhiteElo "2512"]
[BlackElo "2278"]
[TimeControl "180+1"]
[EndTime "10:17:25 PDT"]
[Termination "Two_Towers_Krakow won by checkmate"]

1. e4 c5 2. Nf3 Nc6 3. d4 cxd4 4. Nxd4 e5 5. Nb5 d6 6. c4 Be7 7. N1c3 a6 8. Na3 f5 9. exf5 Bxf5 10. Bd3 Be6 11. Nc2 Nf6 12. O-O O-O 13. Ne3 Nd4 14. b3 Rc8 15. Bb2 b5 16. Ne4 bxc4 17. bxc4 Kh8 18. Nxf6 gxf6 19. Bxd4 exd4 20. Qh5 Rf7 21.
Nd5 Rg7 22. Rfe1 Bxd5 23. cxd5 a5 24. g3 f5 25. Qxf5 Qc7 26. Kg2 Rf8 27. Qe4 Bf6 28. Re2 Re7 29. Qg4 Rxe2 30. Qxe2 Qc5 31. Qe4 Rf7 32.
Rb1 Kg7 33. Qg4+ Kh6 34. Qe6 Kg7 35. Rb8 Qc3 36. Qg4+ Kh6 37. Qf4+ Kg7 38. Qe4 Re7 39. Qxh7# 1-0

[Event "*** Titled Tuesday Blitz"]
[Site "Chess.com"]
[Date "2021.04.06"]
[Round "2"]
[White "Artem_Sadovsky"]
[Black "chessbia"]
[Result "1-0"]
[WhiteElo "2621"]
[BlackElo "2316"]
[TimeControl "180+1"]
[EndTime "10:17:27 PDT"]
[Termination "Artem_Sadovsky won by resignation"]

1. Nf3 d5 2. e3 Nf6 3. c4 c6 4. b3 Bg4 5. Be2 e6 6. Bb2 Nbd7 7. O-O Bd6 8. d3 O-O 9. Nbd2 Re8 10. h3 Bh5 11.
Qc2 Rc8 12. Rad1 Bb8 13. Qb1 Qc7 14. Rfe1 h6 15. e4 dxe4 16. dxe4 Qf4 17. g3 Qc7 18. e5 Bg6 19. Bd3 Bxd3 20. Qxd3 Nc5 21. Qe3 Nfd7 22. b4 Na4 23. Ba1 c5 24. b5 a6 25.
Ne4 Rcd8 26. Rxd7 Rxd7 27. Nf6+ Kf8 28. Qe4 g6 29. Qh4 axb5 30. Qxh6+ Ke7 31. Qh4 Qa5 32. Nd5+ 1-0

[Event "*** Titled Tuesday Blitz"]
[Site "Chess.com"]
[Date "2021.04.06"]
[Round "2"]
[White "IngOscarArdila"]
[Black "FMnotanIM"]
[Result "0-1"]
[WhiteElo "2203"]
[BlackElo "2602"]
[TimeControl "180+1"]
[EndTime "10:17:27 PDT"]
[Termination "FMnotanIM won on time"]

1. d4 Nf6 2. c4 g6 3. Nc3 d5 4.
cxd5 Nxd5 5. e4 Nxc3 6. bxc3 Bg7 7. Bc4 c5 8. Ne2 O-O 9. O-O Nc6 10. Be3 Qc7 11. Rc1 Rd8 12. Qd2 Bg4 13. f3 Bd7 14. Rfd1 Be8 15. a4 Na5 16. Bb5 Nb3 17. Qd3 Nxc1 18. Rxc1 c4 19. Qb1 a6 20. Bxe8 Rxe8 21.
d5 e6 22. Rd1 exd5 23. Rxd5 Qc6 24. Nd4 Qxa4 25. Qxb7 Qa1+ 26. Kf2 Qxc3 27. Ne2 Qb3 28. Qc6 c3 29. Rc5 a5 30. Nxc3 Qb2+ 31. Kg3 Be5+ 32.
Kh3 Rac8 33. Qxc8 Rxc8 34. Rxc8+ Kg7 35. Nd5 a4 36. Bc5 h5 37. Bf8+ Kh7 38. Be7 a3 39. Bg5 a2 40. Rf8 Kg7 0-1

[Event "*** Titled Tuesday Blitz"]
[Site "Chess.com"]
[Date "2021.04.06"]
[Round "2"]
[White "swisspower96"]
[Black "TimofeevAr"]
[Result "0-1"]
[WhiteElo "2548"]
[BlackElo "2861"]
[TimeControl "180+1"]
[EndTime "10:17:31 PDT"]
[Termination "TimofeevAr won by resignation"]

1. d4 Nf6 2. c4 g6 3. Nc3 d5 4. cxd5 Nxd5 5. e4 Nxc3 6. bxc3 Bg7 7. Bc4 c5 8. Ne2 O-O 9. O-O Nc6 10. Be3 Bg4 11. f3 Bd7 12. Rb1 Qc7 13. Qd2 Rfd8 14. Rfc1 Rac8 15. h4 Be8 16. h5 a6 17. Qe1 b5 18.
Bd5 Na5 19. hxg6 hxg6 20. Nf4 e6 21. Bxe6 fxe6 22. Nxe6 Qe7 23. Nxd8 Rxd8 24. d5 Nc4 25. Bf4 g5 26. Bg3 Bg6 27. Qf2 Ne5 28. Rd1 c4 29.
Qb6 Rd6 30. Qb8+ Kf7 31. a4 bxa4 32. Rb7 Rd7 33. Rdb1 a3 34. Qa7 a2 35. Rxd7 0-1

[Event "*** Titled Tuesday Blitz"]
[Site "Chess.com"]
[Date "2021.04.06"]
[Round "2"]
[White "DarZay"]
[Black "Trickov"]
[Result "1-0"]
[WhiteElo "2188"]
[BlackElo "2404"]
[TimeControl "180+1"]
[EndTime "10:17:32 PDT"]
[Termination "DarZay won by checkmate"]

1. e4 c5 2. Nf3 d6 3. d4 Nf6 4. Nc3 cxd4 5. Nxd4 a6 6. f3 e5 7. Nb3 Be6 8. Be3 Nbd7 9. Qd2 b5 10. Nd5 Bxd5 11. exd5 Nb6 12. Bxb6 Qxb6 13. O-O-O Be7 14. Kb1 O-O 15. Bd3 a5 16. g4 a4 17. Nc1 b4 18. g5 Nh5 19. Ne2 b3 20. cxb3 axb3 21. a3 Rfc8 22. f4 exf4 23. h4 Qe3 24. Qxe3 fxe3 25.
Rh3 g6 26. Rxe3 Bf8 27. Bb5 Bg7 28. Rxb3 Be5 29. Bc6 Rab8 30. Rxb8 Rxb8 31. b4 f5 32. Bd7 f4 33. Bg4 Ng3 34. Rc1 Ne4 35. Rc7 Kh8 36. Rf7 Ra8 37. Nxf4 Rxa3 38. Rf8+ Kg7 39. Ne6# 1-0

[Event "*** Titled Tuesday Blitz"]
[Site "Chess.com"]
[Date "2021.04.06"]
[Round "2"]
[White "Gusarov91"]
[Black "hleol"]
[Result "1-0"]
[WhiteElo "2625"]
[BlackElo "2341"]
[TimeControl "180+1"]
[EndTime "10:17:33 PDT"]
[Termination "Gusarov91 won by resignation"]

1. d4 d5 2. Nf3 Nf6 3. c4 c6 4. Nc3 e6 5. Qb3 dxc4 6. Qxc4 Nbd7 7. Bg5 h6 8. Bh4 Be7 9. e3 O-O 10. Be2 a6 11. O-O Nd5 12. Bxe7 Qxe7 13. Ne4 f5 14.
Nc5 Nxc5 15. Qxc5 Qxc5 16. dxc5 f4 17. e4 Nf6 18. e5 Nd5 19. Bc4 Bd7 20. Rfe1 g5 21.
Nd4 g4 22. Rad1 h5 23. a3 h4 24. b4 g3 25. Nf3 gxf2+ 26. Kxf2 Rad8 27. Nxh4 Ne3 28. Rc1 Nxc4 29. Rxc4 Be8 30. Nf3 Bg6 31. Rd4 Rxd4 32.
Nxd4 Rd8 33. Nxe6 Rd2+ 34. Re2 Rd1 35. Nxf4 Bf5 36. h3 Kf7 37. e6+ Ke7 38. g4 Bb1 39. Re1 Rd2+ 40. Ke3 Rb2 41. Kd4 1-0

[Event "*** Titled Tuesday Blitz"]
[Site "Chess.com"]
[Date "2021.04.06"]
[Round "2"]
[White "ViditYT"]
[Black "LileKoridze"]
[Result "1-0"]
[WhiteElo "2935"]
[BlackElo "2477"]
[TimeControl "180+1"]
[EndTime "10:17:34 PDT"]
[Termination "ViditYT won by resignation"]

1. d4 Nf6 2. c4 e6 3. Nf3 d5 4. g3 Bb4+ 5. Bd2 Be7 6. Bg2 O-O 7. O-O c6 8. Qc2 b6 9. Rd1 Bb7 10. b3 Nbd7 11. a4 Ne4 12. Be1 f5 13. a5 c5 14.
a6 Bc6 15. cxd5 Bxd5 16. Nc3 Nxc3 17. Bxc3 Rc8 18. Qb2 cxd4 19. Nxd4 Rf6 20. Nb5 Bxg2 21. Kxg2 Rg6 22. Nxa7 Ra8 23. Nc6 Qe8 24. b4 Nf6 25. b5 Ne4 26. Bd4 Bc5 27. Bxc5 Nxc5 28. a7 f4 29. Rd8 1-0

[Event "*** Titled Tuesday Blitz"]
[Site "Chess.com"]
[Date "2021.04.06"]
[Round "2"]
[White "Pantata007"]
[Black "TooOldTooSlow70"]
[Result "0-1"]
[WhiteElo "2255"]
[BlackElo "2478"]
[TimeControl "180+1"]
[EndTime "10:17:35 PDT"]
[Termination "TooOldTooSlow70 won by resignation"]

1. d4 Nf6 2. c4 g6 3. Nc3 d5 4. cxd5 Nxd5 5. e4 Nxc3 6. bxc3 Bg7 7. Nf3 c5 8. Be3 Qa5 9. Qd2 O-O 10. Rc1 Bg4 11.
Be2 Bxf3 12. Bxf3 cxd4 13. cxd4 Qxd2+ 14. Kxd2 Rd8 15. d5 Nc6 16. Ke2 Ne5 17. Rc7 b6 18.
Rxe7 Rdc8 19. Rc1 Rxc1 20. Bxc1 Rc8 21. Bd2 a5 22. Rb7 Nc4 23. Bg4 Re8 24. Bf3 f5 25.
Kd3 Nd6 26. Rxb6 fxe4+ 27. Kc2 exf3 28. Rxd6 fxg2 0-1

[Event "*** Titled Tuesday Blitz"]
[Site "Chess.com"]
[Date "2021.04.06"]
[Round "2"]
[White "FairChess_on_YouTube"]
[Black "Fighter008"]
[Result "1-0"]
[WhiteElo "3004"]
[BlackElo "2588"]
[TimeControl "180+1"]
[EndTime "10:17:36 PDT"]
[Termination "FairChess_on_YouTube won by resignation"]

1. e4 c5 2. Nf3 d6 3. d4 cxd4 4. Nxd4 Nf6 5. Nc3 a6 6. a4 e5 7. Nf3 Be7 8. Bg5 O-O 9. Bxf6 Bxf6 10. Bc4 Be6 11. Nd5 Nd7 12. O-O Rc8 13. Ba2 Bg4 14.
c3 Nc5 15. Re1 b5 16. axb5 axb5 17. b4 Nd7 18. Bb3 Nb6 19. Qd3 g6 20. Ra6 Rb8 21. Rea1 Bg7 22. Ra7 Kh8 23. Nxb6 Qxb6 24. Bxf7 Rbc8 25.
R1a6 Qd8 26. h3 Bxf3 27. Qxf3 Qg5 28. Rxd6 Qc1+ 29. Rd1 Qxc3 30. Qxc3 Rxc3 31. Rdd7 Bh6 32. Bd5 Rc1+ 33. Kh2 Bf4+ 34. g3 Bxg3+ 35. Kxg3 1-0

[Event "*** Titled Tuesday Blitz"]
[Site "Chess.com"]
[Date "2021.04.06"]
[Round "2"]
[White "lucachess49"]
[Black "CzechmVIII"]
[Result "1-0"]
[WhiteElo "2446"]
[BlackElo "2215"]
[TimeControl "180+1"]
[EndTime "10:17:36 PDT"]
[Termination "lucachess49 won by resignation"]

1. d4 Nf6 2. c4 c5 3. d5 b5 4.
cxb5 a6 5. bxa6 g6 6. Nc3 Bxa6 7. Nf3 Bg7 8. e4 Qa5 9. Bxa6 Nxe4 10. O-O Nxc3 11.
bxc3 Nxa6 12. Rb1 O-O 13. Bg5 e6 14. Rb7 Bxc3 15. Rxd7 exd5 16. Qxd5 Nb4 17. Qc4 Bg7 18. Be7 Qxa2 19. Qxa2 Rxa2 20. Bxf8 Kxf8 21. Ng5 Bd4 22. Rxf7+ Kg8 23. Rd7 Nd3 24. Rd8+ Kg7 25. Ne6+ Kf6 26. Nxd4 cxd4 27. Rxd4 Ne5 28. Rb4 h5 29. h3 g5 30. f4 gxf4 31. Rbxf4+ Ke6 32. Re1 Kd6 33. Rf6+ Kd5 34. Rf5 1-0